 Dungeon Crawl Stone Soup version 0.31.0-12-g77e489cdc1 (webtiles) character file.

Game seed: 11014643401199138767

254 Gadfly the Covered (level 5, -2/45 HPs)
             Began as an Armataur Fighter on Feb 28, 2024.
             Slain by a water moccasin (5 damage)
             ... on level 5 of the Dungeon.
             The game lasted 00:06:37 (3433 turns).

Gadfly the Covered (Armataur Fighter)               Turns: 3433, Time: 00:06:38

Health: -2/45      AC:  8    Str: 22    XL:     5   Next: 91%
Magic:  6/6        EV:  6    Int:  8    God:
Gold:   232        SH:  4    Dex: 11    Spells: 2/4 levels left

rFire   + . .        b - +2 mace (drain)
rCold   . . .        c - +0 buckler
rNeg    . . .        m - +0 chain mail
rPois   .            (no helmet)
rElec   .            (no cloak)
rCorr   .            (no gloves)
SInv    .            (no barding)
Will    .....        (no amulet) Stlth
                     e - ring of protection from fire
HPRegen 0.27/turn    (no ring)
MPRegen 0.10/turn

%: roll
@: lethally poisoned (-2 -> -17)
A: large, deformed body, tough skin 3, armoured tail, roll 1
a: no special abilities


You were on level 5 of the Dungeon.
You visited 1 branch of the dungeon, and saw 5 of its levels.

You collected 232 gold pieces.

Inventory:

Hand Weapons
 a - a +1 flail
 b - a +2 mace of draining (weapon)
Armour
 c - a +0 buckler (worn)
 m - a +0 chain mail (worn)
Jewellery
 e - a ring of protection from fire (left hand)
Scrolls
 l - a scroll of silence
 n - 2 scrolls of enchant weapon
Potions
 d - 3 potions of might
 f - 2 potions of enlightenment
 g - 3 potions of curing
 h - a potion of heal wounds
 i - a potion of lignification
 j - a potion of attraction
 o - a potion of resistance


   Skills:
 + Level 3.2 Fighting
 * Level 3.0 Maces & Flails
 + Level 4.3 Armour
 + Level 4.0 Shields
 * Level 2.5 Invocations
 * Level 2.4 Evocations


You had 2 spell levels left.
You knew the following spells:

 Your Spells              Type           Power      Damage    Failure   Level
a - Blink                 Tloc           0%         N/A       99%         2

Your spell library contained the following spells:

 Spells                   Type           Power      Damage    Failure   Level
 Foxfire                  Conj/Fire      0%         2x1d4     97%         1
 Magic Dart               Conj           0%         1d3       97%         1
 Call Imp                 Summ           0%         N/A       99%         2
 Call Canine Familiar     Summ           0%         N/A       100%        3
 Fugue of the Fallen      Necr           0%         N/A       100%        3
 Ozocubu's Armour         Ice            0%         N/A       100%        3
 Sigil of Binding         Hex            0%         N/A       100%        3
 Dimensional Bullseye     Hex/Tloc       0%         N/A       100%        4
 Manifold Assault         Tloc           0%         N/A       100%        4
 Summon Blazeheart Golem  Fire/Summ      0%         N/A       100%        4
 Metabolic Englaciation   Hex/Ice        0%         N/A       100%        5
 Plasma Beam              Fire/Air       0%         2x1d10    100%        6
 Sculpt Simulacrum        Ice/Alch       0%         N/A       100%        6
 Starburst                Conj/Fire      0%         6d3       100%        6
 Orb of Destruction       Conj           0%         9d5       100%        7
 Spellforged Servitor     Conj/Summ      0%         N/A       100%        7


Dungeon Overview and Level Annotations

Branches:
Dungeon (5/15)
 Temple: D:4-7

Altars:

Shops:
D:1 [   D:5 !


Innate Abilities, Weirdness & Mutations

Armour fits poorly on your strangely shaped body.
You have extremely tough skin. (AC +3)
You have a long armoured tail.
You regenerate magic when rolling toward enemies. (Rampage MPRegen)


Message History

Unknown command.
You feel sick. The water moccasin barely misses you.
You miss the water moccasin.
Your tail-slap misses the water moccasin.
The water moccasin is heavily wounded.
You feel sick. The water moccasin barely misses you.
The water moccasin completely misses you.
You bump into the tree.
You feel sick. The water moccasin bites you.
You are more poisoned.
The water moccasin poisons you!
You closely miss the water moccasin.
The water moccasin is heavily wounded.
You feel sick. The water moccasin bites you.
The water moccasin bites you but does no damage.
You feel less invigorated.
You feel less confused.
You feel sick.
The water moccasin attacks as it pursues you!
The water moccasin barely misses you.
You miss the water moccasin.
Your tail-slap misses the water moccasin.
The water moccasin is heavily wounded.
You feel sick. You block the water moccasin's attack.
The water moccasin bites you.
You miss the water moccasin.
The water moccasin is heavily wounded.
You feel sick. The water moccasin bites you.
* * * LOW HITPOINT WARNING * * *
The water moccasin bites you but does no damage.
You hit the water moccasin.
The water moccasin is severely wounded.
You feel sick. The water moccasin bites you.
* * * LOW HITPOINT WARNING * * *
You barely miss the water moccasin.
The water moccasin is severely wounded.
You feel sick. The water moccasin bites you.
* * * LOW HITPOINT WARNING * * *
You are lethally poisoned!
The water moccasin poisons you! The water moccasin bites you.
You die...

#....## .. #....# .# .
# #...## ..##.. ..
#....###......
...#######...<........
.....................
........♣............
#####..S†............
##@♣∩♣....|..####
##..........#
#.♣##........ #..
#....#....
#..#...####...
#.....## ... #....##
#...# #.


You could see a water moccasin (drained).

Vanquished Creatures
  A scorpion (D:4)
  2 bombardier beetles (D:5)
  An orc priest (D:3)
  An orc wizard (D:3)
  An adder (D:3)
  A dart slug (D:1)
  6 orcs
  3 ball pythons
  2 bats (D:1)
  6 endoplasms
  3 giant cockroaches
  6 goblins
  4 hobgoblins
  3 quokkas
  4 frilled lizards
  8 kobolds
  5 rats
57 creatures vanquished.

Notes
Turn   | Place    | Note
-------+----------+-------------------------------------------
     0 | D:1      | Gadfly the Armataur Fighter began the quest for the Orb.
     0 | D:1      | Reached XP level 1. HP: 18/18 MP: 1/1
    15 | D:1      | Found Qeuderch's Armour Shoppe.
    81 | D:1      | Reached XP level 2. HP: 23/25 MP: 2/2
   282 | D:1      | Reached skill level 1 in Evocations
   596 | D:2      | Reached skill level 1 in Invocations
   596 | D:2      | Reached XP level 3. HP: 30/30 MP: 3/3
  1603 | D:1      | Learned a level 2 spell: Blink
  2008 | D:3      | Reached XP level 4. HP: 21/38 MP: 5/5
  2830 | D:4      | Noticed a scorpion
  2837 | D:4      | Killed a scorpion
  2838 | D:4      | Reached XP level 5. HP: 32/45 MP: 6/6
  3366 | D:5      | Entered Level 5 of the Dungeon
  3366 | D:5      | Found Oppomeacs's Distillery.
  3402 | D:5      | Noticed a water moccasin
  3433 | D:5      | Slain by a water moccasin

Illustrated notes

Levels and vault maps discovered:
D:1:      grunt_arrival_lava_bath, layout_rooms, serial_shops, shop,
          minmay_hedge_maze
D:2:      layout_basic
D:3:      layout_basic
D:4:      layout_cave_pods
D:5:      layout_layer_cave, gup_sewer_entry_bowl, serial_shops,
          nicolae_shop_trees, roderic_lattice_a, kennysheep_generic_room_10

Skill      XL: |  1  2  3  4  5 |
---------------+----------------+-----
Maces & Flails | 2 3 |  3.0
Evocations     | 1 2 |  2.4
Invocations    | 1 2 |  2.5
Fighting       | 3 |  3.2
Armour         | 4 |  4.3
Shields        | 4 |  4.0

Action                     |  1- 3 |  4- 6 || total
---------------------------+-------+-------++-------
  Melee: Flail             |   101 |    51 ||   152
         Tailslap          |     7 |     8 ||    15
         Mace              |       |    47 ||    47
    Use: Scroll            |     9 |     5 ||    14
         Potion            |     2 |     2 ||     4
 Armour: Scale mail        |    57 |       ||    57
         Chain mail        |    17 |   104 ||   121
  Dodge: Dodged            |    37 |    31 ||    68
  Block: Buckler           |    18 |    16 ||    34
